 Dungeon Crawl Stone Soup version 0.29-a0-1009-g60c99734e7 (webtiles) character file.

Game seed: 1429757697607913858

110 drpainis the Sneak (level 4, -1/21 HPs)
             Began as a Spriggan Enchanter on Aug 8, 2022.
             Frozen to death by an endoplasm (4 damage)
             ... on level 3 of the Dungeon.
             The game lasted 00:03:26 (3431 turns).

drpainis the Sneak (Spriggan Enchanter)             Turns: 3431, Time: 00:03:27

Health: -1/21      AC:  2    Str:  4    XL:     4   Next: 61%
Magic:  7/9        EV: 18    Int: 16    God:
Gold:   132        SH:  0    Dex: 17    Spells: 4/9 levels left

rFire   . . .      SeeInvis +   a - +1 dagger
rCold   . . .      Faith    .   (no shield)
rNeg    . . .      Spirit   .   b - +0 robe
rPois   .          Reflect  .   (helmet restricted)
rElec   .          Harm     .   (no cloak)
rCorr   .          Rampage  .   (gloves unavailable)
Will    .....                   (boots unavailable)
Stlth   +++.......              (no amulet)
HPRegen 0.07/turn               (no ring)
MPRegen 0.11/turn               (no ring)

@: very quick
A: very small, no large weapons, unfitting armour, see invisible, speed 3
a: no special abilities


You were on level 3 of the Dungeon.
You visited 1 branch of the dungeon, and saw 3 of its levels.

You collected 132 gold pieces.

Inventory:

Hand Weapons
 a - a +1 dagger (weapon)
Armour
 b - a +0 robe (worn)
Scrolls
 e - a scroll of identify {unknown}
 g - a scroll of summoning {unknown}
 i - 2 scrolls of enchant weapon {unknown}
 j - a scroll of immolation {unknown}
 l - a scroll of butterflies {unknown}
 m - a scroll of teleportation {unknown}
Potions
 c - 3 potions of invisibility
 d - a potion of attraction {unknown}
 f - a potion of magic {unknown}
 h - a potion of heal wounds {unknown}
 k - a potion of haste {unknown}


   Skills:
 + Level 0.3 Fighting
 + Level 2.2 Short Blades
 + Level 3.5 Dodging
 + Level 5.8 Stealth
 + Level 3.0 Spellcasting
 + Level 4.6 Hexes
 + Level 0.1 Ice Magic


You had 4 spell levels left.
You knew the following spells:

 Your Spells              Type           Power      Damage    Failure   Level
a - Ensorcelled Hibernat  Hex/Ice        18%        N/A       11%         2
b - Confusing Touch       Hex            17%        N/A       9%          3

Your spell library contained the following spells:

 Spells                   Type           Power      Damage    Failure   Level
 Tukima's Dance           Hex            17%        N/A       9%          3
 Dazzling Flash           Conj/Hex       18%        N/A       22%         3
 Poisonous Vapours        Pois/Air       4%         N/A       28%         2
 Anguish                  Hex/Necr       4%         N/A       58%         4
 Corpse Rot               Necr/Pois/Air  2%         N/A       88%         4
 Dispel Undead            Necr           2%         3d7       88%         4
 Borgnjor's Vile Clutch   Necr/Erth      1%         N/A       99%         5


Dungeon Overview and Level Annotations

Branches:
Dungeon (3/15)

Altars:


Innate Abilities, Weirdness & Mutations

You are very small and have problems with some larger weapons.
You are too small for most types of armour.
You have supernaturally acute eyesight. (SInv)
You cover ground extremely quickly. (Speed+++)


Message History

The endoplasm quivers.
You hit the orc but do no damage. The orc completely misses you.
The orc hits you with a +0 hand axe!
There is a stone staircase leading up here.
You climb upwards.
There is a stone staircase leading down here.
You start resting.
Magic restored.
You start resting.
You start resting.
HP restored.
You start waiting.
Done waiting.
You climb downwards.
You hear the sound of rushing water.
There is an entrance to a sewer on this level.
Hurry and find it before the portal rusts away!
The walls and floor vibrate strangely for a moment.
The orc misses you. The endoplasm freezes you.
You are frozen.
The orc closely misses you. The orc barely misses you.
The endoplasm freezes you.
You are frozen.
There is a stone staircase leading up here.
Casting: Ensorcelled Hibernation (safe; 11% risk of failure)
Confirm with . or Enter, or press ? or * to list all spells.
Aiming: Ensorcelled Hibernation (safe; 11% risk of failure)
Press: ? - help, Shift-Dir - straight line, f - orc
Aim: an orc, wielding a +0 hand axe and wearing a +0 ring mail (chance to affect: 61%)
The orc looks drowsy...
The endoplasm freezes you.
You are frozen.
The helpless orc fails to defend itself.
You impale the orc!!
You kill the orc!
The orc wizard gestures at you while chanting.
The magic dart hits you!
* * * LOW HITPOINT WARNING * * *
The endoplasm freezes you.
You are frozen.
You die...

##...........
#............
#...)..(.....
####............
#..........^....
.#.##..o..)......
.................
....#oJo........
.[..##@[...#....
... ###########
..


You could see an orc wizard, 2 orcs and an endoplasm.

Vanquished Creatures
  An orc priest (D:3)
  An orc wizard (D:3)
  3 worms (D:2)
  4 orcs
  A bat (D:2)
  An endoplasm (D:1)
  A giant cockroach (D:1)
  6 goblins
  4 hobgoblins
  3 jackals (D:1)
  4 kobolds
  2 quokkas
  6 ball pythons
  5 frilled lizards
  A rat (D:1)
43 creatures vanquished.

Notes
Turn   | Place    | Note
-------+----------+-------------------------------------------
     0 | D:1      | drpainis the Spriggan Enchanter began the quest for the
                  | Orb.
     0 | D:1      | Reached XP level 1. HP: 9/9 MP: 5/5
   644 | D:1      | Reached XP level 2. HP: 12/13 MP: 6/6
   680 | D:1      | Got the Precepts of the Grave
  1377 | D:1      | Found a faded altar of an unknown god.
  1597 | D:2      | Reached XP level 3. HP: 16/16 MP: 8/8
  2055 | D:2      | Learned a level 2 spell: Ensorcelled Hibernation
  2059 | D:2      | Learned a level 3 spell: Confusing Touch
  2275 | D:2      | Reached skill level 5 in Stealth
  3092 | D:3      | Reached XP level 4. HP: 18/21 MP: 6/9
  3431 | D:3      | Frozen to death by an endoplasm

Illustrated notes

Levels and vault maps discovered:
D:1:      shiori_arrival_oz, layout_basic,
          shapermc_ecumenical_altar_starsandcircs, minmay_tromino_v4_c
D:2:      layout_loops_ring, lightli_corner_chamber
D:3:      layout_rooms, portal_sewer_entry_f, gammafunk_ghost_stat_death

Skill      XL: |  1  2  3  4 |
---------------+-------------+-----
Hexes          | 4 |  4.6
Dodging        | 3 |  3.5
Stealth        | 5 |  5.8
Short Blades   | 2 |  2.2
Spellcasting   | 3 |  3.0
Fighting       | |  0.3
Ice Magic      | |  0.1

Action                   |  1- 3 |  4- 6 || total
-------------------------+-------+-------++-------
Melee: Dagger            |   127 |    10 ||   137
       Punch             |     1 |     1 ||     2
 Cast: Ensorcelled Hiber |     4 |     6 ||    10
 Stab: Sleeping          |    13 |     3 ||    16
Armor: Robe              |    12 |     1 ||    13
Dodge: Dodged            |   104 |     5 ||   109

Table legend: (Time is in decaauts)
 A = Elapsed time spent in this place.
 B = Non-inter-level travel time spent in this place.
 C = Inter-level travel time spent in this place.
 D = Time resting spent in this place.
 E = Time spent auto-exploring this place.
 F = Levels seen in this place.
 G = Mean time per level.
                   A        B        C        D        E       F      G
               +--------+--------+--------+--------+--------+-----+--------+
         Total |   2915 |   2827 |     88 |   1952 |    544 |   3 |  971.7 |
       Dungeon |   2915 |   2827 |     88 |   1952 |    544 |   3 |  971.7 |
               +--------+--------+--------+--------+--------+-----+--------+

Top non-repeatable levels by time:
     D:2: 1507 daAuts
     D:1: 1340 daAuts
     D:3: 68 daAuts
